 Dungeon Crawl Stone Soup version 0.29.1-1-gd02db6906a (webtiles) character file.

Game seed: 1326848191853322282

463 EvilAshe the Grave Robber (level 7, -1/50 HPs)
             Began as a Hill Orc Necromancer on Sept 18, 2022.
             Was an Initiate of Hepliaklqana.
             Splashed by a jelly's acid (7 damage)
             ... on level 4 of the Dungeon.
             The game lasted 00:12:16 (4997 turns).

EvilAshe the Grave Robber (Hill Orc Necromancer)    Turns: 4997, Time: 00:12:17

Health: -1/50      AC: -4    Str: 11    XL:     7   Next: 7%
Magic:  12/12      EV: 16    Int: 17    God:    Hepliaklqana [......]
Gold:   175        SH:  0    Dex: 11    Spells: 8/12 levels left

rFire   + . .      SeeInvis .   c - +0 war axe
rCold   . . .      Faith    .   (no shield)
rNeg    . . .      Spirit   .   w - +0 robe {rF+}
rPois   .          Reflect  .   a - +1 hat
rElec   .          Harm     .   x - +0 cloak
rCorr   .          Rampage  .   (no gloves)
Will    .....                   (no boots)
Stlth   ++........              j - amulet of regeneration
HPRegen 0.96/turn               s - +4 ring of evasion
MPRegen 0.13/turn               (no ring)

@: corroded
A: no striking features
a: Renounce Religion


You were on level 4 of the Dungeon.
You worshipped Hepliaklqana.
Hepliaklqana was noncommittal.
You visited 2 branches of the dungeon, and saw 6 of its levels.
You also visited: Ossuary.

You collected 175 gold pieces.

Inventory:

Hand Weapons
 c - a +0 war axe (weapon)
Missiles
 q - 8 poisoned darts (quivered)
 y - 5 stones
Armour
 a - a +1 hat (worn)
 w - a +0 robe of fire resistance (worn)
 x - a +0 cloak (worn)
Jewellery
 j - an amulet of regeneration (around neck)
 s - a +4 ring of evasion (left hand)
Wands
 z - a wand of roots (7)
Scrolls
 f - 4 scrolls of amnesia
 i - 4 scrolls of teleportation
 l - 2 scrolls of magic mapping
 m - a scroll of fear {unknown}
 n - a scroll of poison {unknown}
 r - a scroll of vulnerability {unknown}
 t - a scroll of brand weapon {unknown}
 u - a scroll of summoning {unknown}
 v - a scroll of identify {unknown}
Potions
 b - a potion of magic
 d - 8 potions of curing {unknown}
 e - 3 potions of might {unknown}
 g - a potion of degeneration {unknown}
 h - a potion of invisibility {unknown}
 k - a potion of attraction {unknown}
 o - 2 potions of heal wounds {unknown}
 p - 3 potions of lignification {unknown}


   Skills:
 - Level 1.5 Dodging
 - Level 1.5 Stealth
 + Level 3.4 Spellcasting
 * Level 7.1 Necromancy


You had 8 spell levels left.
You knew the following spells:

 Your Spells              Type           Power      Damage    Failure   Level
a - Necrotise             Necr           100%       1d9       1%          1
b - Vampiric Draining     Necr           27%        2d7       2%          3

Your spell library contained the following spells:

 Spells                   Type           Power      Damage    Failure   Level
 Animate Dead             Necr           27%        N/A       9%          4
 Magic Dart               Conj           8%         1d3       17%         1
 Agony                    Necr           27%        N/A       24%         5
 Blink                    Tloc           4%         N/A       26%         2
 Searing Ray              Conj           4%         2d4       26%         2
 Gell's Gravitas          Tloc           2%         N/A       45%         3
 Lesser Beckoning         Tloc           2%         N/A       45%         3
 Teleport Other           Tloc           2%         N/A       45%         3
 Fulminant Prism          Conj/Hex       1%         3d6       86%         4
 Manifold Assault         Tloc           2%         N/A       99%         5
 Storm Form               Tmut/Air       1%         N/A       100%        7


Dungeon Overview and Level Annotations

Branches:
Dungeon (5/15)             Temple (1/1) D:4         Ossuary (visited)

Altars:
Cheibriados
Dithmenos
Elyvilon
Hepliaklqana
Makhleb
Nemelex Xobeh
Okawaru
Qazlal
Ru
Sif Muna
Trog
Uskayaw
Vehumet
Wu Jian
Xom
Zin
The Shining One

Shops:
D:3 (=

Annotations:
D:1 2 transporters
D:3 2 transporters


Message History

The jelly is severely wounded.
The jelly closely misses you.
You hit the jelly but do no damage.
Your hands burn!
The jelly is severely wounded.
The jelly hits you.
You are splashed with acid!
The jelly closely misses you.
You hit the jelly but do no damage.
Your hands burn!
The jelly is heavily wounded.
The jelly misses you.
Aiming: Fastroot
Press: ? - help, Shift-Dir - straight line The roots erupt in riotous growth!
The jelly is unaffected.
The jelly hits you.
You are splashed with acid!
* * * LOW HITPOINT WARNING * * *
Aiming: Fastroot
Press: ? - help, Shift-Dir - straight line The roots erupt in riotous growth!
The jelly is unaffected.
The jelly completely misses you.
Aiming: Fastroot
Press: ? - help, Shift-Dir - straight line The roots erupt in riotous growth!
The jelly is unaffected.
The jelly closely misses you.
Aiming: Fastroot
Press: ? - help, Shift-Dir - straight line The roots erupt in riotous growth!
The jelly is unaffected.
The jelly closely misses you.
Aiming: Fastroot
Press: ? - help, Shift-Dir - straight line The roots erupt in riotous growth!
The jelly is unaffected.
The jelly closely misses you.
You hit the jelly but do no damage.
Your hands burn!
* * * LOW HITPOINT WARNING * * *
The jelly is heavily wounded.
The jelly barely misses you. The jelly closely misses you.
You hit the jelly. The acid corrodes you!
Your hands burn!
* * * LOW HITPOINT WARNING * * *
The jelly is severely wounded.
The jelly hits you.
* * * LOW HITPOINT WARNING * * *
You are splashed with acid!
You die...

,,...###.#...............# #..###
,,,*** #.#...............# ##..##
...#####.##..............# ##.##
.........###.....#.....#.## #...
.................##....#..# ###.
...####..........#####..#.#######
.,...............................
,,...............#.#####.........
,.............(.@#..## ##.#####.#
,................J...# #........
,.....#..........##### ######...
,.....############ ###. ,,...,*
## *,,,,,* # ******* # # #


You could see a jelly.

Vanquished Creatures
  A black bear (D:4)
  A necrophage (D:4)
  An orc priest (D:4)
  2 iguanas (D:4)
  2 orc wizards
  A mummy (D:4)
  4 gnolls (D:4)
  4 adders
  An adder zombie (Ossuary)
  7 orcs
  6 bats
  7 endoplasms
  3 giant cockroaches
  5 goblins
  6 hobgoblins
  3 jackals (D:4)
  2 kobolds (D:1)
  3 quokkas
  9 ball pythons
  2 frilled lizards
  A goblin zombie (Ossuary)
  3 hobgoblin zombies
  A jackal zombie (Ossuary)
  2 kobold zombies (Ossuary)
  An orc zombie (Ossuary)
  A quokka zombie (Ossuary)
  6 rats
  3 rat zombies (Ossuary)
88 creatures vanquished.

Vanquished Creatures (collateral kills)
  A dart slug (D:1)
  An orc (D:3)
  A goblin (D:1)
  A kobold (D:2)
  A rat (D:3)
5 creatures vanquished.

Grand Total: 93 creatures vanquished

Notes
Turn   | Place    | Note
-------+----------+-------------------------------------------
     0 | D:1      | EvilAshe the Hill Orc Necromancer began the quest for the
                  | Orb.
     0 | D:1      | Reached XP level 1. HP: 14/14 MP: 3/3
   156 | D:1      | Reached XP level 2. HP: 20/20 MP: 1/4
   243 | D:1      | Found a faded altar of an unknown god.
   591 | D:1      | Reached XP level 3. HP: 26/26 MP: 3/6
   595 | D:1      | Learned a level 3 spell: Vampiric Draining
  1144 | D:3      | Found Fohioch's Jewellery Emporium.
  1288 | D:2      | Reached skill level 5 in Necromancy
  1330 | D:2      | Reached XP level 4. HP: 18/33 MP: 2/7
  2040 | D:4      | Found a sand-covered staircase.
  2048 | Ossuary  | Entered an ossuary
  2449 | D:3      | Found a transporter.
  2703 | D:3      | Found a snail-covered altar of Cheibriados.
  2834 | D:3      | Found a transporter.
  3045 | D:3      | Found a shadowy altar of Dithmenos.
  3057 | D:3      | Reached XP level 5. HP: 38/38 MP: 5/8
  3301 | D:3      | Found Ucuiphaf's Weapon Shoppe.
  3571 | D:4      | Reached skill level 6 in Necromancy
  3615 | D:4      | Noticed a black bear
  3912 | D:4      | Killed a black bear
  3913 | D:4      | Reached XP level 6. HP: 11/45 MP: 1/10
  4473 | D:5      | Entered Level 5 of the Dungeon
  4524 | D:4      | Reached skill level 7 in Necromancy
  4548 | D:4      | Reached XP level 7. HP: 30/50 MP: 1/12
  4789 | D:4      | Found a staircase to the Ecumenical Temple.
  4805 | Temple   | Entered the Ecumenical Temple
  4875 | Temple   | Became a worshipper of Hepliaklqana the Forgotten
  4997 | D:4      | Splashed by a jelly's acid

Illustrated notes

Levels and vault maps discovered:
D:1:      spicycebolla_arrival_transporter_tutorial, layout_rooms,
          shapermc_ecumenical_altar_mp_vishouse, minmay_tall_x
D:2:      layout_basic, minmay_tree_intersection
D:3:      gammafunk_steamed_eel, layout_basic, nicolae_dithmenos_shadow_blocks,
          lemuel_doored_altar, serial_shops, shop, nicolae_shop_statue_plus
D:4:      layout_rooms, minmay_temple_entry_water_ring,
          nicolae_ossuary_entry_giza
D:5:      layout_loops_ring
Temple:   eino_wide_crystal_templ

Skill      XL: |  1  2  3  4  5  6 |
---------------+-------------------+-----
Spellcasting   | 2 3 |  3.4
Necromancy     | 5 6 7 |  7.1
Dodging        | |  1.5
Stealth        | |  1.5

Action                   |  1- 3 |  4- 6 |  7- 9 || total
-------------------------+-------+-------+-------++-------
Melee: War axe           |    31 |   103 |    14 ||   148
       Punch             |       |     1 |     1 ||     2
 Cast: Necrotise         |    38 |    65 |     5 ||   108
       Vampiric Draining |       |     5 |       ||     5
Evoke: Wand              |       |       |     5 ||     5
  Use: Scroll            |       |     4 |       ||     4
 Stab: Sleeping          |     2 |     1 |     1 ||     4
Armor: Robe              |     9 |    28 |       ||    37
Dodge: Dodged            |    32 |   128 |    20 ||   180
